Map: Acid Plant LE

Players

Silky

  • Race: Zerg Zerg
  • Spawn Location: 5:00

ShoWTimE - Winner!

  • Race: Protoss Protoss
  • Spawn Location: 11:00

Event: WCS Valencia 2018

VOD

Have the link to the VOD?

Description

Time

  • Played on: July 12, 2018, 2:31 p.m.
  • Length: 9:55

All games in this series

Show
View Real Time Build Order
Export as new Build Order

Silky Zerg 

Build Orders: Hatch First 

Get SALT Encoding   

  12  0:00  Drone  
  13  0:12  Overlord  
  13  0:16  Drone  
  14  0:30  Drone x2  
  16  0:47  Hatchery  
  15  0:51  Drone  
  15  0:54  Drone  
  17  0:57  Drone  
  18  1:08  Extractor  
  17  1:13  Spawning Pool  
  17  1:16  Drone  
  17  1:19  Drone  
  18  1:28  Drone  
  19  1:38  Drone  
  20  1:49  Overlord  
  20  1:59  Queen x2  
  20  2:00  Zergling x4  
  26  2:08  Metabolic Boost  
  26  2:11  Drone  
  26  2:12  Drone  
  28  2:20  Drone  
  28  2:21  Drone  
  30  2:35  Hatchery  
  29  2:42  Queen  
  31  2:46  Overlord  
  31  2:49  Drone  
  32  2:52  Drone  
  32  2:54  Drone  
  32  2:56  Drone  
  36  2:58  Drone  
  36  3:05  Overlord  
  36  3:06  Drone  
  36  3:10  Drone  
  36  3:11  Drone  
  36  3:12  Drone  
  40  3:15  Drone  
  41  3:20  Queen  
  41  3:23  Drone  
  41  3:24  Drone  
  41  3:26  Drone  
  46  3:29  Zergling x2  
  46  3:30  Zergling x2  
  48  3:35  Overlord  
  48  3:48  Spore Crawler  
  47  3:49  Spore Crawler  
  47  3:50  Drone  
  47  3:51  Drone x2  
  47  3:52  Drone  
  50  3:56  Queen  
  50  4:00  Drone x5  
  58  4:02  Zergling x2  
  58  4:05  Overlord  
  55  4:22  Drone x6  
  58  4:24  Drone  
  58  4:25  Drone x3  
  62  4:31  Lair  
  62  4:32  Roach Warren  
  62  4:36  Drone x3  
  64  4:40  Overlord  
  64  4:44  Overlord  
  64  4:45  Extractor, Drone  
  63  4:52  Extractor x2, Drone x2  
  63  4:53  Drone  
  63  4:57  Overlord  
  63  4:59  Drone  
  65  5:01  Drone x2  
  67  5:09  Spore Crawler  
  67  5:11  Spore Crawler, Drone  
  67  5:12  Drone x5  
  67  5:13  Spore Crawler  
  70  5:17  Roach x2  
  70  5:18  Roach  
  76  5:21  Queen  
  78  5:30  Zergling x2, Roach x2  
  78  5:31  Zergling x8  
  78  5:32  Zergling x2  
  78  5:34  Glial Reconstitution  
  87  5:38  Drone  
  87  5:41  Extractor  
  87  5:42  Evolution Chamber  
  86  5:48  Roach x2  
  86  5:49  Hydralisk Den  
  89  5:55  Overlord  
  86  5:58  Queen  
  86  6:02  Roach  
  86  6:03  Overlord  
  90  6:10  Overlord, Zerg Missile Weapons Level 1  
  90  6:14  Roach x2  
  90  6:15  Roach x2  
  98  6:22  Overlord  
  98  6:27  Drone x3  
  98  6:42  Roach x6  
  88  6:58  Roach x3  
  88  6:59  Roach  
  94  7:07  Roach x4  
  94  7:08  Roach  
  103  7:13  Roach x4  
  105  7:21  Roach x2  
  109  7:25  Roach  
  105  7:32  Roach  
  107  7:38  Roach  
  107  7:43  Roach  
  107  7:44  Hatchery  
  110  7:47  Roach  
  112  7:54  Roach  
  112  7:56  Ravager x2  
  116  8:01  Overlord, Hatchery  
  116  8:05  Overlord  
  115  8:07  Ravager  
  116  8:13  Overlord  
  116  8:19  Roach  
  112  8:20  Roach x6  
  112  8:22  Drone  
  117  8:33  Roach  
  117  8:34  Roach  
  94  8:44  Roach x2  
  94  8:47  Hydralisk x5  
  94  8:53  Drone  
  91  8:56  Queen, Drone x2  
  95  9:04  Drone  
  95  9:08  Drone  
  95  9:09  Drone x2  
  99  9:15  Drone x4  
  103  9:18  Lurker Den  
  103  9:19  Drone  
  103  9:22  Drone x2  
  105  9:26  Drone  
  105  9:29  Drone  
Show
View Real Time Build Order
Export as new Build Order

ShoWTimE Protoss - Winner!

Build Orders: 1 Gate Expand, Oracle Opening, Phoenix Opening, Archon Immortal, Zealot Archon, Archon Drop 

Get SALT Encoding   

  12  0:00  Probe  
  13  0:12  Probe  
  14  0:19  Pylon  
  14  0:24  Probe  
  15  0:33  Probe  
  15  0:40  Gateway  
  15  0:41  Probe  
  16  0:47  Assimilator  
  17  0:51  Probe  
  18  1:03  Probe  
  19  1:15  Probe  
  20  1:25  Nexus  
  20  1:36  Cybernetics Core  
  20  1:39  Probe  
  21  1:44  Assimilator  
  21  1:51  Probe  
  22  1:54  Pylon  
  22  2:03  Probe  
  22  2:04  Adept  
  23  2:15  Probe  
  26  2:17  Stargate  
  26  2:23  Warp Gate  
  26  2:27  Probe  
  27  2:30  Adept  
  27  2:33  Probe  
  29  2:39  Probe  
  29  2:42  Probe  
  32  2:51  Probe  
  32  2:52  Probe  
  32  2:55  Phoenix  
  32  2:57  Adept  
  36  3:03  Probe  
  39  3:05  Probe  
  39  3:10  Oracle  
  40  3:15  Pylon  
  40  3:16  Probe  
  40  3:18  Probe  
  45  3:27  Assimilator  
  45  3:28  Assimilator  
  45  3:29  Probe  
  45  3:33  Probe  
  47  3:38  Gateway  
  47  3:41  Probe  
  47  3:43  Probe  
  49  3:51  Robotics Facility, Probe  
  49  3:53  Probe  
  50  3:59  Probe  
  50  4:00  Pylon  
  51  4:06  Probe  
  53  4:11  Probe  
  54  4:18  Probe  
  54  4:23  Probe  
  56  4:27  Gateway x2  
  56  4:31  Warp Prism  
  56  4:32  Twilight Council  
  56  4:38  Zealot  
  56  4:39  Zealot  
  62  4:45  Charge  
  62  4:48  Pylon  
  62  4:52  Gateway  
  62  4:56  Gateway  
  62  5:05  Nexus  
  62  5:10  Pylon  
  62  5:13  Templar Archives  
  62  5:23  Zealot x2  
  62  5:28  Zealot  
  68  5:30  Zealot  
  68  5:35  Pylon  
  70  5:37  Probe x2  
  72  5:49  High Templar x2  
  76  5:50  High Templar  
  76  5:54  High Templar, Archon  
  76  5:56  High Templar x2  
  84  5:57  Probe x2  
  84  6:00  Archon x2  
  84  6:03  Pylon  
  86  6:06  Pylon  
  86  6:13  Pylon  
  86  6:16  Probe x2  
  86  6:17  Probe  
  87  6:28  Probe  
  87  6:30  Zealot x3  
  87  6:31  Zealot x3  
  100  6:34  Probe x2  
  102  6:40  Probe  
  102  6:42  Psionic Storm  
  102  6:46  Immortal, Probe x2  
  105  6:53  Probe  
  100  6:58  Probe  
  100  7:00  Zealot  
  95  7:02  Zealot x4  
  95  7:03  Probe  
  95  7:05  Probe  
  103  7:10  Probe  
  103  7:15  Probe  
  91  7:17  Immortal, Probe  
  90  7:28  Probe  
  95  7:30  Sentry x2  
  95  7:31  Sentry x2, Zealot x2  
  95  7:33  Probe  
  108  7:38  Assimilator  
  108  7:40  Robotics Facility  
  108  7:43  Assimilator  
  108  7:45  Forge  
  108  7:48  Immortal  
  108  7:51  Gateway  
  108  7:54  Gateway  
  108  7:55  High Templar  
  108  7:56  High Templar  
  116  8:00  Archon  
  116  8:03  Zealot x4  
  124  8:10  Pylon  
  124  8:12  Shield Battery, Pylon  
  112  8:27  Immortal, Zealot x4  
  112  8:31  Shield Battery  
  116  8:36  Zealot x2  
  116  8:39  Immortal  
  110  8:52  High Templar x4  
  118  8:56  Immortal  
  118  8:59  Photon Cannon  
  118  9:01  Photon Cannon  
  118  9:05  Photon Cannon, Nexus  
  118  9:06  Pylon  
  122  9:12  Observer  
  122  9:13  Pylon  
  123  9:26  Zealot  
  123  9:27  Zealot x4  
  123  9:29  High Templar x2  
  123  9:30  Zealot  
  138  9:34  Archon  
  138  9:50  Archon  
Tags
 
Add a new tag
Caveats
  • Supply blocks, unpowered buildings, or Contaminate may cause inaccurate times.
  • Supply counts are checked every 10 seconds.